 Dungeon Crawl Stone Soup version 0.23.2-1-ga50397a (webtiles) character file.

Game seed: 1529749266484364363

60 goulibeur the Unweaver (level 3, -1/29 HPs)
             Began as a Demonspawn Abyssal Knight on May 18, 2019.
             Was a Follower of Lugonu.
             Slain by a worm (3 damage)
             ... on level 2 of the Dungeon.
             The game lasted 00:09:39 (1169 turns).

goulibeur the Unweaver (Demonspawn Abyssal Knight)  Turns: 1169, Time: 00:09:40

Health: -1/29      AC: 12    Str: 12    XL:     3   Next: 80%
Magic:  5/5        EV:  6    Int: 13    God:    Lugonu [*.....]
Gold:   72         SH:  0    Dex: 13    Spells: 2/2 levels left

rFire    . . .     SeeInvis .   a - +1 short sword
rCold    . . .     Gourm    .   (no shield)
rNeg     . . .     Faith    .   i - +0 chain mail
rPois    .         Spirit   .   d - +1 helmet
rElec    .         Reflect  .   (no cloak)
rCorr    .         Harm     .   (no gloves)
MR       .....                  (no boots)
Stlth    ..........             (no amulet)
HPRegen  0.09/turn              n - ring of stealth
MPRegen  0.09/turn              (no ring)

@: no status effects
A: slimy green scales 1, screaming 1
a: Depart the Abyss, Renounce Religion


You were on level 2 of the Dungeon.
You worshipped Lugonu.
Lugonu was aware of your devotion.
You were not hungry.

You visited 1 branch of the dungeon, and saw 2 of its levels.
You visited the Abyss 1 time.

You collected 72 gold pieces.

Inventory:

Hand Weapons
 a - a +1 short sword (weapon)
Armour
 b - a +0 leather armour
 d - a +1 helmet (worn)
 i - a +0 chain mail (worn)
Jewellery
 n - a ring of stealth (left hand)
Scrolls
 e - a scroll of magic mapping {unknown}
 g - a scroll of identify {unknown}
 j - a scroll of enchant weapon {unknown}
 l - a scroll of teleportation {unknown}
 m - a scroll of enchant armour {unknown}
Potions
 f - a potion of might {unknown}
 h - a potion of brilliance {unknown}
 k - a potion of curing {unknown}
Comestibles
 c - 4 rations
 o - a chunk of flesh


   Skills:
 + Level 3.4 Fighting
 - Level 1.7 Short Blades
 + Level 2.3 Armour
 + Level 1.6 Dodging
 * Level 3.9 Invocations


You had 2 spell levels left.
You didn't know any spells.
Your spell library contained the following spells:

 Spells                   Type           Power        Failure   Level  Hunger
 Animate Skeleton         Necr           N/A          100%        1    ##.....
 Apportation              Tloc           #.....       100%        1    ##.....
 Confusing Touch          Hex            #.....       100%        1    ##.....
 Summon Small Mammal      Summ           #...         100%        1    ##.....
 Confuse                  Hex            #.......     100%        3    ####...
 Gell's Gravitas          Tloc           #.........   100%        3    ####...
 Petrify                  Tmut/Erth      #.......     100%        4    #####..
 Metabolic Englaciation   Hex/Ice        #.........   100%        5    ######.
 Yara's Violent Unravell  Hex/Tmut       #.........   100%        5    ######.


Dungeon Overview and Level Annotations

Branches:
Dungeon (2/15)

Altars:
Hepliaklqana


Innate Abilities, Weirdness & Mutations

You are partially covered in slimy green scales. (AC +2)
You occasionally shout uncontrollably at your foes.


Message History

You hit the worm but do no damage.
The worm is moderately wounded.
Your chain mail prevents you from hitting the worm.
The worm is moderately wounded.
The worm closely misses you.
You hit the worm.
The worm is moderately wounded.
The worm bites you but does no damage.
Your chain mail prevents you from hitting the worm.
The worm is moderately wounded.
You hit the worm but do no damage.
The worm is moderately wounded.
The worm bites you!
* * * LOW HITPOINT WARNING * * *
You hit the worm.
The worm is heavily wounded.
You barely miss the worm.
The worm is heavily wounded.
The worm bites you.
You die...

######.###########.........#
................/#.........#
...#....####.....#.........#
.. #....# ...#.........# .
#...)###### ..#.........#
##...)....# ..#.........#
#...#....# #.#.........#
#...#....# #w#.........#
##..##...# #@#.........#
#..####.###.#......)..#
##..........#........##
##.........#.......##
###.......#....####
####....#....# ####.#....#
..#...## ..#..##


You could see a worm.

Vanquished Creatures
  2 adders (D:2)
  An ooze (D:2)
  3 worms (D:2)
  A dart slug (D:1)
  2 leopard geckos (D:1)
  A giant cockroach (D:2)
  3 goblins
  5 jackals (D:1)
  A bat (D:1)
  A frilled lizard (D:1)
  4 kobolds
  3 rats (D:1)
27 creatures vanquished.

Notes
Turn   | Place    | Note
-------+----------+-------------------------------------------
     0 | Abyss:1  | goulibeur the Demonspawn Abyssal Knight began the quest for
                  | the Orb.
     0 | Abyss:1  | Reached XP level 1. HP: 18/18 MP: 2/2
    77 | Abyss:1  | Noticed a neqoxec
    77 | Abyss:1  | Gained mutation: You occasionally shout uncontrollably at
                  | your foes. [a neqoxec]
    78 | D:1      | Escaped the Abyss
   111 | D:1      | Reached skill level 1 in Dodging
   291 | D:1      | Gained mutation: You are partially covered in slimy green
                  | scales. (AC +2) [demonic ancestry]
   291 | D:1      | Reached XP level 2. HP: 24/24 MP: 2/4
   334 | D:1      | Reached * piety under Lugonu
   829 | D:2      | Found a hazy altar of Hepliaklqana.
   882 | D:2      | Reached XP level 3. HP: 27/29 MP: 5/5
  1169 | D:2      | Slain by a worm

Skill      XL: |  1 |
---------------+----+-----
Dodging        | 1 |  1.6
Armour         | 2 |  2.3
Invocations    | 3 |  3.9
Fighting       | |  3.4
Short Blades   | |  1.7

Action                   || total
-------------------------++-------
Melee: Short sword       ||   129
Invok: Depart the Abyss  ||     1
  Eat: Chunk             ||     1
Armor: Leather armour    ||     4
       Chain mail        ||    62
Dodge: Dodged            ||    39
